 Dungeon Crawl Stone Soup version 0.21-a0-278-ga722497 (webtiles) character file.

28 tidbits the Changer (level 2, 2/22 HPs)
             Began as a Demigod Transmuter on Sept 22, 2017.
             Quit the game on level 2 of the Dungeon.
             The game lasted 00:03:28 (703 turns).

tidbits the Changer (Demigod Transmuter)             Turns: 703, Time: 00:03:29

Health: 2/22       AC:  3    Str: 13    XL:     2   Next: 75%
Magic:  5/7        EV: 12    Int: 17    God:
Gold:   16         SH:  0    Dex: 16    Spells: 2/5 levels left

rFire    . . .     SeeInvis .   p - +0 hand axe (curse)
rCold    . . .     Gourm    .   (no shield)
rNeg     . . .     Faith    .   b - +1 robe
rPois    .         Spirit   .   (no helmet)
rElec    .         Reflect  .   (no cloak)
rCorr    .         Harm     .   (no gloves)
MR       .....                  (boots currently unavailable)
Stlth    +.........             (no amulet)
HPRegen  0.07/turn              (no ring)
MPRegen  0.10/turn              (no ring)

@: appendage (expiring), very slightly contaminated
A: talons 3, high mp 1
a: End Transformation


You were on level 2 of the Dungeon.
You were hungry.
You had grown temporary talons.
You visited 1 branch of the dungeon, and saw 2 of its levels.

You collected 16 gold pieces.

Inventory:

Hand Weapons
 f - a +0 short sword
 p - a cursed +0 hand axe (weapon)
Missiles
 a - 30 arrows
 j - 2 tomahawks (quivered)
 o - a stone
Armour
 b - a +1 robe (worn)
 k - a +0 ring mail
Scrolls
 h - a scroll of amnesia
Potions
 e - a potion of curing {unknown}
 m - 2 potions of flight
Books
 c - a book of Changes

   Spells                             Type                      Level
   a - Beastly Appendage              Transmutation                1
   b - Sticks to Snakes               Transmutation                2
   c - Spider Form                    Transmutation/Poison         3
   d - Ice Form                       Ice/Transmutation            4
   e - Blade Hands                    Transmutation                5
Comestibles
 d - a bread ration
 i - 2 meat rations
 l - a royal jelly


   Skills:
 - Level 0.8 Fighting
 - Level 1.7 Dodging
 - Level 2.8 Unarmed Combat
 - Level 2.0 Spellcasting
 + Level 2.9 Transmutations


You had 2 spell levels left.
You knew the following spells:

 Your Spells              Type           Power        Failure   Level  Hunger
e - Beastly Appendage     Tmut           ##....       6%          1    #......
k - Sticks to Snakes      Tmut           ##......     9%          2    ###....


Dungeon Overview and Level Annotations

Branches:
Dungeon (2/15)


Innate Abilities, Weirdness & Mutations

You have an increased reservoir of magic. (+10% MP)
You have claws for feet.


Message History

Forget which spell ([?*] list [ESC] exit)?
Forget which spell ([?*] list [ESC] exit)?
Okay, then.
As you read the scroll labeled KOSTRY ICSOPPO, it crumbles to dust.
The scroll dissolves into smoke.
It was a scroll of fog.
As you read the scroll labeled JIUKKI PUFOLEM, it crumbles to dust.
It is a scroll of identify.
m - 2 potions of flight
As you read the scroll labeled CUCSYN ERCHO, it crumbles to dust.
It is a scroll of enchant armour.
Your +0 robe glows green for a moment.
You open the door.
A giant cockroach comes into view.
Your horns disappear.
Found a metallic brown potion.
There is an open door here.
Casting: Beastly Appendage
Confirm with . or Enter, or press ? or * to list all spells.
Your feet morph into talons.
The helpless giant cockroach fails to defend itself.
You hit the giant cockroach. You claw the giant cockroach.
You punch the giant cockroach.
You kill the giant cockroach!
e - a metallic brown potion Your transformation is almost over.
There is an open door here.
Your talons disappear.
There is an open door here.
You see here a club.
There is a stone staircase leading down here.
You are feeling hungry.
There is a stone staircase leading down here.
There is a stone staircase leading down here.
Okay, then.
Casting: Beastly Appendage
Confirm with . or Enter, or press ? or * to list all spells.
Your feet morph into talons.
You climb downwards.
A bat and a kobold come into view.
The kobold shouts!
You hear a shout!
Found a scroll labeled OSHROI YGIT and 35 stones.
Found a stone staircase leading down and a stone staircase leading up.
There is a stone staircase leading up here.
The bat closely misses you.
You barely miss the bat. The bat hits you but does no damage.
The kobold throws a stone.
The stone hits you but does no damage. The bat barely misses you.
You hit the bat.
You kill the bat!
A goblin comes into view. It is wielding a club.
The goblin shouts!
The kobold throws a stone.
The stone closely misses you.
There is a stone staircase leading up here.
You see here a stone.
The kobold hits you.
A frilled lizard and a hobgoblin come into view.
You closely miss the kobold.
The frilled lizard hisses angrily.
The hobgoblin shouts!
You claw the kobold.
The kobold is moderately wounded.
The kobold hits you but does no damage.
A goblin comes into view. It is wielding a dagger.
You closely miss the kobold.
The goblin shouts!
You claw the kobold.
You kill the kobold!
Casting: Beastly Appendage
Confirm with . or Enter, or press ? or * to list all spells.
You don't know that spell.
There is a stone staircase leading up here.
You see here a stone.
You climb upwards.
There is a stone staircase leading down here.
Memorise Sticks to Snakes, consuming 2 spell levels and leaving 2?
Your transformation is almost over.
You start memorising the spell.
You continue memorising. x2
You finish memorising.
Spell assigned to 'k'.
You climb downwards.
The goblin shouts!
The goblin hits you with a club. The hobgoblin closely misses you.
The frilled lizard bites you but does no damage.
The goblin hits you with a club.
* * * LOW HITPOINT WARNING * * *
The goblin hits you with a club.
* * * LOW HITPOINT WARNING * * *
There is a stone staircase leading up here.
You see here a stone.
Casting: Beastly Appendage
Confirm with . or Enter, or press ? or * to list all spells.
You miscast Sticks to Snakes.
You are very lightly contaminated with residual magic.
Your skin glows momentarily.
The frilled lizard unfolds its giant frill.
The frilled lizard bites you.
* * * LOW HITPOINT WARNING * * *
The hobgoblin hits you with a club.
* * * LOW HITPOINT WARNING * * *
The goblin barely misses you. The goblin hits you but does no damage.
A kobold comes into view. It is wielding a club.
Are you sure you want to abandon this character and quit the game? (Confirm with "yes".)

##....# . .....
.. ....# ...
##...# ..#....##
......###..
#......... .
#gl# ....##@####
#..>.ggg..#
##....?.(..#
#...........#
#.........<..#
#............#
#.(............
#.......K(......
.........######


You could see a hobgoblin, 3 goblins, a kobold and a frilled lizard.

Vanquished Creatures
  A dart slug (D:1)
  A giant cockroach (D:1)
  3 goblins (D:1)
  5 hobgoblins (D:1)
  4 jackals (D:1)
  4 bats
  3 kobolds
  2 rats (D:1)
23 creatures vanquished.

Notes
Turn   | Place    | Note
-------+----------+-------------------------------------------
     0 | D:1      | tidbits the Demigod Transmuter began the quest for the Orb.
     0 | D:1      | Reached XP level 1. HP: 15/15 MP: 5/5
   137 | D:1      | Reached skill level 2 in Transmutations
   304 | D:1      | Reached skill level 2 in Spellcasting
   339 | D:1      | Reached XP level 2. HP: 13/22 MP: 4/7
   700 | D:1      | Learned a level 2 spell: Sticks to Snakes
   702 | D:2      | HP: 2/22 [hobgoblin/club (3)]
   703 | D:2      | Quit the game

Vault maps used:
D:1:      lightli_arrival_boilingwater

Skill      XL: |  1 |
---------------+----+-----
Transmutations | 2 |  2.9
Spellcasting   | 2 |  2.0
Fighting       | |  0.8
Dodging        | |  1.7
Unarmed Combat | |  2.8

Action                   || total
-------------------------++-------
Melee: Short sword       ||    47
       Unarmed           ||    14
       Headbutt          ||     6
       Kick              ||     8
       Punch             ||     2
       Hand axe          ||     5
 Cast: Beastly Appendage ||    16
  Use: Scroll            ||     4
 Stab: Sleeping          ||     1
Armor: Robe              ||     9
Dodge: Dodged            ||    39

Table legend:
 A = Spawn XP
 B = Non-spawn XP
 C = Spawn XP percentage of total XP
 D = Spawn monster count
 E = Non-spawn monster count
 F = Spawn count percentage of total count
 G = Total turns spent on level
                    A         B        C        D         E        F      G
               +---------+---------+-------+---------+---------+-------+---------
         Total |       0 |      40 |   0.0 |       0 |      23 |   0.0 |   703
               +---------+---------+-------+---------+---------+-------+---------
           D:1 |       0 |      37 |   0.0 |       0 |      21 |   0.0 |   690
           D:2 |       0 |       3 |   0.0 |       0 |       2 |   0.0 |    13
               +---------+---------+-------+---------+---------+-------+---------

Table legend:
 A = Turns spent in this place as a percentage of turns spent in the entire game.
 B = Non-inter-level travel turns spent in this place as a percentage of non-inter-level travel turns spent in the entire game.
 C = Inter-level travel turns spent in this place as a percentage of turns spent in this place.
 D = Turns resting spent in this place as a percentage of non-inter-level travel turns spent in this place.
 E = Turns spent auto-exploring this place as a percentage of non-inter-level travel turns spent in this place.
 F = Non-inter-level travel turns spent in this place divided by the number of levels of this place that you've seen.
                   A       B       C       D       E      F
               +-------+-------+-------+-------+-------+----------------------
         Total | 100.0 | 100.0 |   2.4 |   0.0 |   0.0 | 343.0
       Dungeon | 100.0 | 100.0 |   2.4 |   0.0 |   0.0 | 343.0
               +-------+-------+-------+-------+-------+----------------------

Table legend:
 A = Kills in this place as a percentage of kills in entire the game.
 B = Kills by you in this place as a percentage of kills by you in the entire game.
 C = Kills by friends in this place as a percentage of kills by friends in the entire game.
 D = Other kills in this place as a percentage of other kills in the entire game.
 E = Experience gained in this place as a percentage of experience gained in the entire game.
 F = Experience gained in this place divided by the number of levels of this place that you have seen.
                   A       B       C       D       E      F
               +-------+-------+-------+-------+-------+----------------------
         Total | 100.0 | 100.0 |   N/A |   N/A | 100.0 |  20.0
       Dungeon | 100.0 | 100.0 |   N/A |   N/A | 100.0 |  20.0
               +-------+-------+-------+-------+-------+----------------------

Vault maps used:
D:1:      lightli_arrival_boilingwater
